 Dungeon Crawl Stone Soup version 0.18.1-50-g88ac8fd (webtiles) character file.

651 Chiseanne the Covert (level 7, 0/35 HPs)
             Began as a Spriggan Assassin on Mar 29, 2017.
             Killed from afar by an orc wizard (12 damage)
             ... with a puff of flame
             ... on level 4 of the Dungeon.
             The game lasted 00:07:50 (3563 turns).

Chiseanne the Covert (Spriggan Assassin)            Turns: 3563, Time: 00:07:51

Health: 0/35       AC:  5    Str:  7    XL:     7   Next: 28%
Magic:  8/8        EV: 22    Int: 12    God:
Gold:   139        SH:  0    Dex: 20    Spells: 0 memorised, 6 levels left

rFire  . . .     SeeInvis +     s - +2 whip (venom)
rCold  + . .     Gourm    .     o - +1 robe {MR+}
rNeg   . . .     Faith    .     (shield restricted)
rPois  .         Spirit   .     (helmet restricted)
rElec  .         Dismiss  .     d - +1 cloak
rCorr  .         Reflect  .     (gloves unavailable)
SustAt .         Harm     .     (boots unavailable)
MR     ++...                    (no amulet)
Stlth  +++++.....               (no ring)
                                n - ring of protection from cold

@: very quick, very resistant to hostile enchantments, quite stealthy
A: unfitting armour, see invisible, herbivore 3, speed 3, slow metabolism 2
a: no special abilities


You were on level 4 of the Dungeon.
You were not hungry.

You visited 1 branch of the dungeon, and saw 4 of its levels.
You also visited: Sewer.

You collected 139 gold pieces.

Inventory:

Hand Weapons
 a - a +3 dagger
 s - a +2 whip of venom (weapon)
 w - a +0 blowgun
 y - a +0 hunting sling
Missiles
 e - 8 poisoned needles
 f - 2 curare-tipped needles
 j - 20 arrows
 k - 27 stones (quivered)
 q - 41 bolts
 v - 7 tomahawks
Armour
 d - a +1 cloak (worn)
 o - a +1 robe of magic resistance (worn)
Jewellery
 n - a ring of protection from cold (left hand)
Scrolls
 c - a scroll of magic mapping
 m - 4 scrolls of teleportation
 p - a scroll of blinking {unknown}
 r - 2 scrolls of enchant weapon
Potions
 b - 2 potions of lignification {unknown}
 h - 2 potions of degeneration {unknown}
 i - 2 potions of heal wounds {unknown}
 l - a potion of agility {unknown}
 t - a potion of invisibility {unknown}
 u - a potion of mutation {unknown}
 x - a potion of berserk rage {unknown}
Comestibles
 g - 2 bread rations


   Skills:
 * Level 2.6 Fighting
 - Level 4.3 Short Blades
 - Level 2.0 Throwing
 + Level 5.3 Dodging
 * Level 10.3 Stealth


You had 6 spell levels left.
You didn't know any spells.

Dungeon Overview and Level Annotations

Branches:
Dungeon (4/15)
 Temple: D:4-7

Altars:
Ashenzari
Dithmenos


Innate Abilities, Weirdness & Mutations

You are tiny and cannot use many weapons and most armour.
You have supernaturally acute eyesight.
You are a herbivore.
You cover ground extremely quickly.
You need consume almost no food.


Message History

The orc priest is lightly wounded.
The orc priest casts a cantrip, but nothing happens.
The orc priest closely misses you.
You hit the orc priest.
The orc priest looks even sicker.
The orc priest is moderately wounded.
You hit the orc priest.
The orc priest is heavily wounded.
The orc priest hits you with a war axe!
You hit the orc priest.
The orc priest is almost dead.
The orc priest completely misses you.
You hit the orc priest but do no damage.
The orc priest is almost dead.
The orc priest completely misses you. The orc wizard misses you.
You hit the orc priest.
You kill the orc priest!
The orc zaps a wand.
You resist with almost no effort.
It is a wand of slowing.
The orc wizard casts a spell at you. The puff of flame hits you!
You die...

#.# ###...###
#.######.......#
###........#####.#
#######..........# ###..
...........#####.# #....
............## #.###.###
.........)...# #.)......
......o......# ##<......
......)@.....# #.....[.
......o..†...# ##......
.........)...#####......
........................
............############
....##.....## ####
#######


You could see an orc wizard and an orc.

Vanquished Creatures
  Purgy (Sewer)
  A big kobold (Sewer)
  A scorpion (D:4)
  A howler monkey (D:4)
  2 orc priests
  An orc wizard (D:3)
  Natasha (thrice) (D:3)
  10 adders
  3 gnolls (D:4)
  A river rat (D:3)
  An ooze (D:3)
  2 worms
  2 dart slugs
  7 giant geckos
  10 orcs
  5 giant cockroaches
  9 goblins
  7 hobgoblins
  2 jackals (D:3)
  4 quokkas
  3 ball pythons
  4 bats
  2 giant newts
  7 kobolds
  8 rats
97 creatures vanquished.

Notes
Turn   | Place    | Note
--------------------------------------------------------------
     0 | D:1      | Chiseanne the Spriggan Assassin began the quest for the Orb.
     0 | D:1      | Reached XP level 1. HP: 10/10 MP: 2/2
    49 | D:1      | Reached skill level 6 in Stealth
   171 | D:1      | Reached XP level 2. HP: 14/14 MP: 3/3
  1152 | D:2      | Reached XP level 3. HP: 18/18 MP: 4/4
  1176 | D:2      | Found a shattered altar of Ashenzari.
  1304 | D:2      | Reached skill level 7 in Stealth
  1484 | D:2      | Found a shadowy altar of Dithmenos.
  1563 | D:2      | Reached XP level 4. HP: 22/22 MP: 5/5
  1993 | D:3      | Found a glowing drain.
  2001 | Sewer    | Entered a sewer
  2006 | Sewer    | Noticed Purgy
  2008 | Sewer    | Killed Purgy
  2008 | Sewer    | Reached skill level 8 in Stealth
  2008 | Sewer    | Reached XP level 5. HP: 25/25 MP: 6/6
  2074 | Sewer    | Reached skill level 9 in Stealth
  2074 | Sewer    | Reached XP level 6. HP: 30/30 MP: 7/7
  2188 | D:3      | Noticed Natasha
  2520 | D:3      | Killed Natasha
  2749 | D:3      | Noticed Natasha
  2761 | D:3      | Killed Natasha
  2782 | D:3      | Noticed Natasha
  2799 | D:3      | Killed Natasha
  3352 | D:4      | Reached skill level 5 in Dodging
  3352 | D:4      | Reached skill level 10 in Stealth
  3352 | D:4      | Reached XP level 7. HP: 35/35 MP: 8/8
  3563 | D:4      | Killed from afar by an orc wizard

Skill      XL: |  1  2  3  4  5  6 |
---------------+-------------------+-----
Stealth        | 6 7 8 9 10 | 10.3
Dodging        | 2 3 4 5 |  5.3
Short Blades   | 3 4 |  4.3
Fighting       | 2 |  2.6
Throwing       | |  2.0

Action                   |  1- 3 |  4- 6 |  7- 9 || total
-------------------------+-------+-------+-------++-------
Melee: Dagger            |    64 |    65 |     9 ||   138
       Whip              |    14 |    92 |    28 ||   134
 Fire: Blowgun           |     9 |       |       ||     9
Throw: Stone             |       |     1 |     2 ||     3
  Use: Scroll            |     4 |     3 |       ||     7
 Stab: Sleeping          |    12 |    18 |     2 ||    32
       Distracted        |       |     1 |       ||     1
  Eat: Fruit             |       |       |     4 ||     4
Armor: Robe              |    11 |    13 |       ||    24
Dodge: Dodged            |    67 |   127 |    20 ||   214
